 Dungeon Crawl Stone Soup version 0.28.0 (webtiles) character file.

Game seed: 4614368068009203135

111 trckry the Conjurer (level 4, -1/27 HPs)
             Began as an Octopode Conjurer on Feb 12, 2022.
             Was an Initiate of Ashenzari.
             Slain by an adder (5 damage)
             ... on level 3 of the Dungeon.
             The game lasted 00:06:06 (2453 turns).

trckry the Conjurer (Octopode Conjurer)             Turns: 2453, Time: 00:06:07

Health: -1/27      AC:  1    Str:  6    XL:     4   Next: 92%
Magic:  8/8        EV: 13    Int: 22    God:    Ashenzari [......]
Gold:   126        SH:  0    Dex: 10    Spells: 6/9 levels left

rFire   . . .      SeeInvis .   b - +1 whip (venom)
rCold   . . .      Faith    .   (no shield)
rNeg    . . .      Spirit   .   (helmet restricted)
rPois   .          Reflect  .   (no amulet)
rElec   .          Harm     .   (no ring)
rCorr   .          Rampage  .   (no ring)
Will    .....                   (no ring)
Stlth   +++.......              (no ring)
HPRegen 0.09/turn               (no ring)
MPRegen 0.11/turn               (no ring)
                                (no ring)
                                (no ring)

@: lethally poisoned (-1 -> -9)
A: almost no armour, amphibious, 8 rings, camouflage 1, gelatinous body 1,
(nimble swimmer 1), tentacles
a: Renounce Religion, Curse Item


You were on level 3 of the Dungeon.
You worshipped Ashenzari.
Ashenzari was noncommittal.
You visited 1 branch of the dungeon, and saw 3 of its levels.

You collected 126 gold pieces.

Inventory:

Hand Weapons
 b - a +1 whip of venom (weapon)
 j - a +2 dagger of draining
Armour
 c - a +0 buckler
Scrolls
 d - 2 scrolls of identify {unknown}
 e - a scroll of silence {unknown}
 i - a scroll of teleportation {unknown}
Potions
 a - 2 potions of lignification {unknown}
 f - a potion of ambrosia {unknown}
 g - a potion of might {unknown}
 h - a potion of curing {unknown}


   Skills:
 - Level 2.0 Dodging
 - Level 2.6 Stealth
 + Level 3.0 Spellcasting
 * Level 5.5 Conjurations


You had 6 spell levels left.
You knew the following spells:

 Your Spells              Type           Power      Damage    Failure   Level
a - Magic Dart            Conj           100%       1d8       1%          1
b - Searing Ray           Conj           54%        2d6       1%          2

Your spell library contained the following spells:

 Spells                   Type           Power      Damage    Failure   Level
 Dazzling Flash           Conj/Hex       30%        N/A       12%         3
 Fulminant Prism          Conj/Hex       7%         3d7       36%         4
 Iskenderun's Mystic Bla  Conj/Tloc      15%        2d5       36%         4


Dungeon Overview and Level Annotations

Branches:
Dungeon (3/15)

Altars:
Ashenzari
Wu Jian
The Shining One


Innate Abilities, Weirdness & Mutations

You cannot wear most types of armour.
You are amphibious.
You can wear up to eight rings at the same time.
Your skin changes colour to match your surroundings (Stealth+).
Your rubbery body absorbs attacks. (AC +1, EV +1)
((You are camouflaged when in or above water. (Stealth+)))
You have tentacles for arms and can constrict up to eight enemies at once.


Message History

The adder is moderately wounded.
You feel sick. The adder bites you but does no damage.
You miss the adder. Your grab misses the adder. You squeeze the adder!
You kill the adder!
You feel sick.
You feel sick.
Ashenzari invites you to partake of a vision and a curse of evocations and fortitude.
You feel sick.
You feel sick.
You are no longer poisoned.
An adder comes into view.
You see here an adder corpse.
There is an open door here.
You see here a +0 long sword.
You closely miss the adder.
The adder hisses angrily.
Your grab misses the adder. The adder barely misses you.
You barely miss the adder. Your grab misses the adder. The adder misses you.
The adder bites you.
You are poisoned.
The adder poisons you!
You closely miss the adder. Your grab misses the adder.
You feel sick. The adder bites you.
You are more poisoned.
The adder poisons you!
You closely miss the adder. Your grab misses the adder.
You feel sick. The adder barely misses you. x2
You barely miss the adder. Your grab misses the adder.
You feel sick. The adder misses you.
You miss the adder. You grab the adder. You constrict the adder.
You feel sick. The adder bites you. x2
* * * LOW HITPOINT WARNING * * *
You are lethally poisoned!
The adder poisons you!
You hit the adder but do no damage.
The adder is poisoned.
The adder is lightly wounded.
You constrict the adder, but do no damage.
* * * LOW HITPOINT WARNING * * *
You feel sick. The adder bites you.
You die...

#+#.#.......... #.#
........... # #
###.###.......... .# #.
#8...8#.......... .# #.
#.._..#.......... .#
#..#8...8#.......... .#
#..###.###..S....... .#
...#†#...)@.......
.#######.#'#............
.........8.8............
.#######.....#.##.######
.....# #.####.......
.###.#...# #........ .#
#.#.# #........# ##
#.... +........# # # #.#
.......


You could see an adder (very poisoned).

Vanquished Creatures
  A gnoll (D:1)
  4 adders
  3 dart slugs (D:2)
  A worm (D:3)
  4 ball pythons
  6 bats
  7 endoplasms
  A giant cockroach (D:3)
  5 goblins
  6 hobgoblins
  2 jackals (D:2)
  A quokka (D:1)
  4 frilled lizards
  6 kobolds
  A rat (D:3)
52 creatures vanquished.

Vanquished Creatures (others)
  10 fungi (D:3)
10 creatures vanquished.

Grand Total: 62 creatures vanquished

Notes
Turn   | Place    | Note
-------+----------+-------------------------------------------
     0 | D:1      | trckry the Octopode Conjurer began the quest for the Orb.
     0 | D:1      | Reached XP level 1. HP: 11/11 MP: 3/3
   211 | D:1      | Reached XP level 2. HP: 17/17 MP: 1/5
   485 | D:1      | Learned a level 2 spell: Searing Ray
   724 | D:1      | Reached XP level 3. HP: 21/21 MP: 6/6
  1613 | D:2      | Reached skill level 5 in Conjurations
  1702 | D:2      | Reached XP level 4. HP: 27/27 MP: 5/8
  2046 | D:2      | Found a glowing golden altar of the Shining One.
  2346 | D:3      | Found an ornate altar of the Wu Jian Council.
  2382 | D:3      | Found a faded altar of an unknown god.
  2388 | D:3      | Prayed at the altar of an unknown god.
  2388 | D:3      | Became a worshipper of Ashenzari the Shackled
  2453 | D:3      | HP: 4/27 [poisoned by an adder]
  2453 | D:3      | Slain by an adder

Illustrated notes

Levels and vault maps discovered:
D:1:      dpeg_cavernosity, layout_rooms, minmay_strange_pillars
D:2:      layout_basic, basic_altar
D:3:      layout_basic, mainiacjoe_overflow_chevrons,
          dreamdust_ecumenical_altar_angels_and_demons

Skill      XL: |  1  2  3  4 |
---------------+-------------+-----
Conjurations   | 5 |  5.5
Spellcasting   | 3 |  3.0
Dodging        | |  2.0
Stealth        | |  2.6

Action                   |  1- 3 |  4- 6 || total
-------------------------+-------+-------++-------
Melee: Whip              |    40 |    48 ||    88
       Constrict         |     8 |     8 ||    16
       Tentacles         |     4 |     9 ||    13
       Punch             |     2 |       ||     2
 Cast: Magic Dart        |    25 |     5 ||    30
       Searing Ray       |     2 |     1 ||     3
 Stab: Sleeping          |     2 |     4 ||     6
       Distracted        |     1 |       ||     1
Armor: Skin              |     1 |     2 ||     3
Dodge: Dodged            |    24 |    41 ||    65
